 Dungeon Crawl Stone Soup version 0.28-a0-595-g9f6c0e134a (webtiles) character file.

Game seed: 3330731028002482330

135530 meatgazer the Corrupter of Planes (level 16, -7/145 HPs)
             Began as a Demonspawn Abyssal Knight on Oct 4, 2021.
             Was the Champion of Lugonu.
             Mangled by a tarantella (8 damage)
             ... on level 1 of the Spider Nest.
             The game lasted 01:20:34 (41933 turns).

meatgazer the Corrupter of Planes (DsAK)           Turns: 41933, Time: 01:20:35

Health: -7/145     AC: 28    Str: 33    XL:     16   Next: 64%
Magic:  28/28      EV:  9    Int: 13    God:    Lugonu [******]
Gold:   1288       SH:  0    Dex: 17    Spells: 17/19 levels left

rFire   + + .      SeeInvis +   b - +9 scimitar (distort)
rCold   . . .      Faith    .   h - +2 buckler
rNeg    . . .      Spirit   .   t - +0 plate armour of Hubris {*Slow rPois rC- Str+9}
rPois   +          Reflect  +   (helmet unavailable)
rElec   .          Harm     .   n - scarf {rC+ rF+}
rCorr   +          Rampage  .   m - +1 pair of gloves
Will    +....                   G - +2 pair of boots
Stlth   ..........              g - amulet "Hevaschu" {Reflect rCorr SH+5}
HPRegen 2.34/turn               D - +6 ring of strength
MPRegen 0.21/turn               q - ring of poison resistance

@: confused, on berserk cooldown, slowed, studying Maces & Flails, very slow
A: antennae 3, molten scales 3, icemail 1, powered by death 2, robust 1,
condensation shield, clever 1, screaming 1
a: Renounce Religion, Depart the Abyss, Bend Space, Banish, Corrupt, Enter the
Abyss


You were on level 1 of the Spider Nest.
You worshipped Lugonu.
Lugonu was exalted by your worship.
You visited 5 branches of the dungeon, and saw 27 of its levels.
You visited the Abyss 1 time.

You collected 3945 gold pieces.
You spent 2657 gold pieces at shops.

Inventory:

Hand Weapons
 b - a +9 scimitar of distortion (weapon)
 v - a +3 scimitar of flaming
Missiles
 z - 4 throwing nets
Armour
 h - a +2 buckler (worn)
 m - a +1 pair of gloves (worn)
 n - a scarf of resistance (worn)
 t - the +0 plate armour of Hubris (worn) {*Slow rPois rC- Str+9}
   (You found it on level 9 of the Dungeon)

   Str:       It affects your strength (+9).
   rC:        It makes you vulnerable to cold.
   rPois:     It protects you from poison.
   *Slow:     It may slow you when you take damage.
 G - a +2 pair of boots (worn)
Jewellery
 f - a ring of flight
 g - the amulet "Hevaschu" (around neck) {Reflect rCorr SH+5}
   (You acquired it on level 1 of the Dungeon)

   [amulet of reflection]

   It reflects blocked missile attacks.
   rCorr:     It protects you from acid and corrosion.
   SH:        It affects your SH (+5).
 p - an amulet of guardian spirit
 q - a ring of poison resistance (right hand)
 u - a ring of positive energy
 w - a ring of willpower
 D - a +6 ring of strength (left hand)
Wands
 a - a wand of digging (6)
 l - a wand of paralysis (19)
 C - a wand of flame (120)
 I - a wand of polymorph (7)
 J - a wand of charming (6)
Scrolls
 d - a scroll of amnesia
 k - 8 scrolls of identify
 o - 2 scrolls of fog
 E - 4 scrolls of fear
 H - 2 scrolls of immolation
 M - a scroll of brand weapon
 N - a scroll of magic mapping
Potions
 c - 8 potions of curing
 e - 3 potions of brilliance
 i - 4 potions of attraction
 j - 5 potions of flight
 r - 7 potions of haste
 x - a potion of invisibility
 A - a potion of cancellation {unknown}
 B - a potion of ambrosia
 F - 2 potions of resistance
Miscellaneous
 s - a tin of tremorstones (1/2)
 y - a condenser vane (inert)


   Skills:
 + Level 13.9 Fighting
 + Level 12.6 Long Blades
 * Level 17.3 Armour
 - Level 0.8 Dodging
 - Level 4.0 Shields
 - Level 2.4 Spellcasting
 - Level 2.7 Poison Magic
 + Level 17.6 Invocations
 + Level 10.3 Evocations


You had 17 spell levels left.
You knew the following spells:

 Your Spells              Type           Power      Damage    Failure   Level
a - Poisonous Vapours     Pois/Air       10%        N/A       65%         2

Your spell library contained the following spells:

 Spells                   Type           Power      Damage    Failure   Level
 Shock                    Conj/Air       4%         1d3       69%         1
 Blink                    Tloc           N/A        N/A       83%         2
 Corpse Rot               Necr/Air       N/A        N/A       83%         2
 Ignite Poison            Fire/Tmut/Pois 3%         N/A       90%         3
 Conjure Flame            Conj/Fire      1%         6-21      96%         3
 Gell's Gravitas          Tloc           0%         N/A       96%         3
 Lesser Beckoning         Tloc           1%         N/A       96%         3
 Swiftness                Air            1%         N/A       96%         3
 Teleport Other           Tloc           1%         N/A       96%         3
 Airstrike                Air            0%         N/A       100%        4
 Animate Armour           Summ/Erth      2%         N/A       100%        4
 Sticky Flame             Conj/Fire      1%         2d3       100%        4
 Blade Hands              Tmut           0%         N/A       100%        5
 Manifold Assault         Tloc           1%         N/A       100%        5
 Iron Shot                Conj/Erth      0%         9d1       100%        6
 Storm Form               Tmut/Air       0%         N/A       100%        7


Dungeon Overview and Level Annotations

Branches:
Dungeon (15/15)            Temple (0/1) D:6            Lair (6/6) D:11
 Shoals (3/4) Lair:4       Spider (1/4) Lair:3        Slime (0/5) Lair:5
    Orc (2/2) D:12            Elf (0/3) Orc:2        Vaults (0/5) D:14
 Depths (0/4) D:15

Altars:
Ashenzari
Fedhas
Makhleb
Okawaru
Qazlal
Ru
Sif Muna
Trog
Uskayaw
Vehumet
Wu Jian
Xom
Yredelemnul
Zin
Beogh
Jiyva

Shops:
D:1 *   D:6 *   D:7 **(   D:13 =*   D:15 !   Orc:2 ([(*   Shoals:2 =

Annotations:
Abyss:1 Harold, Joseph, Pikel, Roxanne, Snorg


Innate Abilities, Weirdness & Mutations

You have a pair of large antennae on your head. (SInv)
You are completely covered in molten scales. (AC +4, rF+)
A meltable icy envelope protects you from harm. (AC +0)
You regenerate health from kills.
You are robust. (+10% HP)
A meltable shield of frost defends you. (SH +0)
Your mind is acute. (Int +2)
You occasionally shout uncontrollably at your foes.


Message History

You see here a wolf spider corpse.
You struggle to detach yourself from the web.
You feel a strong urge to attack something.
The moth of wrath barely misses you.
The tarantella touches you but does no damage.
The jumping spider pounces on you. The jumping spider bites you.
You struggle to detach yourself from the web.
The tarantella barely misses you.
The jumping spider pounces on you but does no damage.
The jumping spider barely misses you.
The moth of wrath bites you but does no damage.
The tarantella touches you! The jumping spider pounces on you!!
You are even more entangled.
The jumping spider bites you but does no damage.
The web tears apart.
You feel your anger nearly subside.
You are no longer berserk.
You are exhausted.
You feel yourself slow down.
The tarantella touches you but does no damage.
The jumping spider pounces on you but does no damage.
The jumping spider bites you but does no damage.
The moth of wrath bites you but does no damage.
The orb spider weaves a glowing orb of energy.
An orb of destruction comes into view.
You bump into the rock wall.
The tarantella completely misses you. The jumping spider pounces on you.
The jumping spider barely misses you.
The tarantella touches you but does no damage.
The orb of destruction hits you!!!
* * * LOW HITPOINT WARNING * * *
The jumping spider pounces on you but does no damage.
The jumping spider bites you!
* * * LOW HITPOINT WARNING * * *
The tarantella touches you but does no damage.
The moth of wrath bites you.
* * * LOW HITPOINT WARNING * * *
The jumping spider barely misses you.
The jumping spider bites you but does no damage.
The moth of wrath completely misses you.
The tarantella touches you!
You die...

#####...#...#.
###^........>....
^...○☼§<†§.......
...†.○○○........
.....○........#.
......^....s.### ..
..........§....#...
....##.§.y○........
....#...#@s.§☼§....
... #?..#.s.○......
#. .....#..........
.........#....^...
..................
.......##.........
..#.#=. .......## #
#(. .......## ..
.....#


You could see a moth of wrath, an orb spider, a jumping spider (berserk) and a
tarantella (berserk).

Vanquished Creatures
  An emperor scorpion (D:15)
  Azrael (D:14)
  A dire elephant (D:15)
  A merfolk javelineer (Shoals:2)
  Josephine (D:11)
  A fire dragon (Lair:6)
  4 vault guards (D:14)
  3 merfolk impalers (Shoals:2)
  2 boulder beetles (D:14)
  A rakshasa (D:15)
  7 hydras
  2 merfolk avatars (Shoals:2)
  An ogre mage (Orc:1)
  Erica (D:11)
  4 centaur warriors
  2 merfolk aquamancers
  3 catoblepae
  4 two-headed ogres (Orc:1)
  2 orc high priests (Orc:2)
  Urug (D:12)
  Sonja (Lair:4)
  Nergalle (Lair:3)
  5 sea snakes
  2 harpies (Shoals:1)
  An orc knight (D:15)
  2 orc sorcerers (Orc:2)
  2 fauns (Shoals:2)
  6 ugly things
  2 deep elf pyromancers (D:15)
  3 wolf spiders
  7 manticores
  22 elephants
  An oklob plant (Shoals:1)
  Maurice (Orc:1)
  6 cyclopes
  3 black mambas
  4 merfolk sirens
  4 water nymphs
  A guardian serpent (D:14)
  12 cane toads
  A molten gargoyle (Lair:6)
  Psyche (D:8)
  2 rime drakes
  A freezing wraith (D:14)
  A yaktaur (D:15)
  13 komodo dragons
  A tengu conjurer (D:14)
  17 merfolk
  A queen bee (shapeshifter) (D:13)
  6 jumping spiders (Spider:1)
  A jumping spider (shapeshifter) (D:15)
  A meliai (D:10)
  7 trolls
  Grinder (D:6)
  2 wind drakes
  5 slime creatures (D:14)
  3 dream sheep (Shoals:2)
  34 blink frogs
  2 snapping turtles
  A spriggan (shapeshifter) (D:14)
  3 shadows
  3 redbacks (Spider:1)
  A tarantella (Spider:1)
  6 water elementals
  10 wyverns
  5 wraiths
  A vampire (D:12)
  73 yaks
  5 fire elementals
  5 basilisks
  3 steam dragons
  6 vampire mosquitoes
  6 wargs
  9 water moccasins
  A hornet zombie (D:8)
  5 hell hounds
  4 black bears
  48 orc warriors
  A sky beast (D:5)
  An ice beast (D:5)
  10 ogres
  2 necrophages
  9 centaurs
  A phantom (D:5)
  16 wolves
  A lemure (D:5)
  8 kobold brigands
  22 bullfrogs
  A scorpion (D:5)
  A water moccasin zombie (D:6)
  2 gnoll sergeants (D:12)
  A wyvern skeleton (D:5)
  9 killer bees
  15 wights
  5 howler monkeys
  5 lava snakes (Lair:6)
  3 centaur zombies
  A bullfrog zombie (D:5)
  3 hounds
  4 jellies
  23 orc priests
  A centaur skeleton (D:5)
  34 orc wizards
  4 iguanas
  7 hell rats
  A killer bee zombie (D:7)
  2 hound zombies (D:5)
  3 hound skeletons
  8 adders
  A gnoll (D:12)
  2 shadow imps
  2 white imps (D:7)
  3 ufetubi
  2 adder skeletons
  3 worms
  3 dart slugs
  96 orcs
  9 ball pythons
  13 bats
  13 endoplasms
  5 giant cockroaches
  5 goblins
  8 hobgoblins
  9 jackals (D:4)
  11 kobolds
  8 quokkas
  4 frilled lizards
  6 rats
831 creatures vanquished.

Vanquished Creatures (collateral kills)
  2 two-headed ogres (Orc:1)
2 creatures vanquished.

Vanquished Creatures (others)
  An ogre (Orc:1)
  A manticore (Shoals:1)
  A basilisk (Lair:1)
  A bullfrog (D:8)
  2 orcs
  2 bats (D:8)
  A frilled lizard (D:3)
  A bush (Lair:1)
  20 fungi
  62 plants
92 creatures vanquished.

Grand Total: 925 creatures vanquished

Notes
Turn   | Place    | Note
-------+----------+-------------------------------------------
     0 | Abyss:1  | meatgazer the Demonspawn Abyssal Knight began the quest for
                  | the Orb.
     0 | Abyss:1  | Reached XP level 1. HP: 18/18 MP: 2/2
    44 | Abyss:1  | Noticed a large abomination
    81 | Abyss:2  | Found a corrupted altar of Lugonu.
   102 | Abyss:2  | Noticed a jelly
   120 | D:1      | Escaped the Abyss
   385 | D:1      | Identified a scroll of acquirement
   385 | D:1      | Acquired the amulet "Hevaschu" {Reflect rCorr SH+5}
   628 | D:1      | Gained mutation: You have a pair of small antennae on your
                  | head. [demonic ancestry]
   628 | D:1      | Reached XP level 2. HP: 17/24 MP: 4/4
   899 | D:1      | Reached * piety under Lugonu
  1766 | D:1      | Gained mutation: You have a pair of antennae on your head.
                  | [demonic ancestry]
  1766 | D:1      | Reached XP level 3. HP: 26/29 MP: 5/5
  1833 | D:1      | Found a faded altar of an unknown god.
  1847 | D:1      | Found Juzao's General Store.
  1853 | D:1      | Bought a potion of heal wounds for 50 gold pieces
  2900 | D:2      | Reached skill level 1 in Shields
  2932 | D:2      | Found a hide-covered altar of Uskayaw.
  3814 | D:3      | Found a stormy altar of Qazlal.
  4017 | D:3      | Gained mutation: You have a pair of large antennae on your
                  | head. (SInv) [demonic ancestry]
  4017 | D:3      | Reached XP level 4. HP: 33/36 MP: 6/6
  4073 | D:3      | Reached ** piety under Lugonu
  4389 | D:3      | Found a shimmering altar of Xom.
  4403 | D:3      | Gained mutation: You are partially covered in molten
                  | scales. (AC +2) [demonic ancestry]
  4403 | D:3      | Reached XP level 5. HP: 42/42 MP: 7/7
  5341 | D:4      | Found a radiant altar of Vehumet.
  5521 | D:4      | Found a burning altar of Makhleb.
  5537 | D:4      | Found a bloodstained altar of Trog.
  5793 | D:4      | Gained mutation: A meltable shield of frost defends you.
                  | (SH +0) [demonic ancestry]
  5793 | D:4      | Reached XP level 6. HP: 45/48 MP: 9/9
  6126 | D:4      | Found a sacrificial altar of Ru.
  6424 | D:4      | Found a shimmering blue altar of Sif Muna.
  6855 | D:5      | Entered Level 5 of the Dungeon
  6916 | D:5      | Found a basalt altar of Yredelemnul.
  6982 | D:5      | Reached skill level 5 in Invocations
  7045 | D:5      | Reached XP level 7. HP: 48/55 MP: 10/10
  7053 | D:5      | Reached *** piety under Lugonu
  7324 | D:5      | Noticed Pikel
  7362 | D:5      | Banished Pikel
  7363 | D:5      | Reached skill level 5 in Fighting
  7363 | D:5      | Gained mutation: You are mostly covered in molten scales.
                  | (AC +3) [demonic ancestry]
  7363 | D:5      | Reached XP level 8. HP: 11/64 MP: 6/13
  8024 | D:5      | Reached skill level 5 in Long Blades
  8993 | D:5      | Gained mutation: A meltable icy envelope protects you from
                  | harm. (AC +0) [demonic ancestry]
  8993 | D:5      | Reached XP level 9. HP: 11/72 MP: 10/15
  9772 | D:5      | Learned a level 2 spell: Poisonous Vapours
 10080 | D:6      | Found an iron altar of Okawaru.
 10193 | D:6      | Noticed Grinder
 10201 | D:6      | Paralysed by Grinder for 6 turns
 10210 | D:6      | Killed Grinder
 10211 | D:6      | Reached skill level 1 in Spellcasting
 10211 | D:6      | Reached skill level 1 in Poison Magic
 10456 | D:6      | Found Iwniuloir's General Store.
 10840 | D:6      | Found a staircase to the Ecumenical Temple.
 10930 | D:6      | Bought a ring of poison resistance for 240 gold pieces
 10995 | D:6      | Found a broken altar of Ashenzari.
 11399 | D:7      | You are sucked into a shaft and drop 2 floors!
 11557 | D:9      | Noticed Joseph
 11558 | D:9      | Banished Joseph
 11563 | D:9      | Identified the +0 plate armour of Hubris {*Slow rPois rC-
                  | Str+9}
 11917 | D:9      | Found a hide-covered altar of Uskayaw.
 12334 | D:7      | Found a blossoming altar of Fedhas.
 12347 | D:7      | Found Boala's Specific Store.
 12349 | D:7      | Found Manwui Puygg's General Store.
 12364 | D:7      | Found Bacs's Hydra Hut.
 12409 | D:7      | Noticed a six-headed hydra
 12814 | D:8      | Noticed Psyche
 12860 | D:8      | Killed Psyche
 12861 | D:8      | Gained mutation: You regenerate a little health from kills.
                  | [demonic ancestry]
 12861 | D:8      | Reached XP level 10. HP: 80/80 MP: 17/17
 13204 | D:8      | Reached skill level 10 in Invocations
 13776 | D:8      | Reached **** piety under Lugonu
 14243 | D:9      | Reached skill level 5 in Armour
 16252 | D:9      | Reached XP level 11. HP: 87/87 MP: 19/19
 16529 | D:10     | Entered Level 10 of the Dungeon
 16896 | D:10     | Noticed a four-headed hydra
 17289 | D:7      | Bought a +2 scimitar of flaming for 307 gold pieces
 17521 | D:10     | Killed a one-headed hydra
 17831 | D:11     | Noticed Erica
 17835 | D:11     | Noticed a two-headed ogre
 17841 | D:11     | Banished a two-headed ogre
 17855 | D:11     | Killed Erica
 18599 | D:11     | Found a staircase to the Lair.
 18652 | D:11     | Reached skill level 1 in Evocations
 18677 | D:11     | Noticed Josephine
 18689 | D:11     | Killed Josephine
 18706 | D:11     | Reached ***** piety under Lugonu
 19102 | D:11     | Reached skill level 10 in Fighting
 19102 | D:11     | Reached XP level 12. HP: 97/97 MP: 21/21
 19149 | Lair:1   | Entered Level 1 of the Lair of Beasts
 19739 | Lair:1   | Noticed a four-headed hydra
 19751 | Lair:1   | Killed a one-headed hydra
 21571 | Lair:2   | Noticed a catoblepas
 21585 | Lair:1   | Acquired 721 gold pieces
 21747 | D:7      | Bought a scroll of acquirement for 780 gold pieces
 21747 | D:7      | Acquired 791 gold pieces
 22036 | Lair:2   | Reached skill level 10 in Armour
 22215 | Lair:2   | Killed a catoblepas
 22324 | Lair:2   | Noticed a seven-headed hydra
 22337 | Lair:2   | Killed a one-headed hydra
 22338 | Lair:2   | Gained mutation: You regenerate health from kills. [demonic
                  | ancestry]
 22338 | Lair:2   | Reached XP level 13. HP: 74/105 MP: 23/23
 22992 | Lair:2   | Reached skill level 5 in Evocations
 23406 | Lair:2   | Reached skill level 10 in Long Blades
 23744 | Lair:3   | Found a hole to the Spider Nest.
 23828 | Lair:3   | Reached ****** piety under Lugonu
 24081 | D:7      | Bought a manual of Armour for 1200 gold pieces
 24313 | Lair:3   | Noticed Nergalle
 24325 | Lair:3   | Killed Nergalle
 24368 | Lair:3   | Identified a +7 scimitar of distortion (a +5 scimitar
                  | corrupted by Lugonu)
 24368 | Lair:3   | Received a gift from Lugonu
 25249 | Lair:4   | Noticed Sonja
 25252 | Lair:4   | Killed Sonja
 25828 | Lair:4   | Found a staircase to the Shoals.
 26760 | Lair:5   | Found a staircase to the Slime Pits.
 26760 | Lair:5   | Found a viscous altar of Jiyva.
 27213 | Lair:5   | Gained mutation: You are completely covered in molten
                  | scales. (AC +4, rF+) [demonic ancestry]
 27213 | Lair:5   | Reached XP level 14. HP: 106/114 MP: 25/25
 27613 | Lair:6   | Entered Level 6 of the Lair of Beasts
 28142 | Lair:6   | Reached skill level 15 in Invocations
 28222 | Lair:6   | Found an ornate altar of the Wu Jian Council.
 28224 | Lair:6   | Found a hide-covered altar of Uskayaw.
 28664 | Lair:6   | Found a large runed translucent door.
 28664 | Lair:6   | Found a large runed translucent door.
 29333 | D:12     | Noticed Snorg
 29338 | D:12     | Banished Snorg
 29590 | D:12     | Found a staircase to the Orcish Mines.
 29717 | Orc:1    | Entered Level 1 of the Orcish Mines
 29717 | Orc:1    | Noticed Urug
 29717 | Orc:1    | Noticed an orc warlord
 29729 | D:12     | Killed Urug
 30018 | D:12     | Banished an orc warlord
 30035 | Orc:1    | Noticed Harold
 30038 | Orc:1    | Banished Harold
 30062 | Orc:1    | Reached skill level 15 in Armour
 30067 | Orc:1    | Reached XP level 15. HP: 66/121 MP: 26/26
 30370 | Orc:2    | Entered Level 2 of the Orcish Mines
 30484 | Orc:1    | Noticed Maurice
 30498 | Orc:1    | Killed Maurice
 30860 | Orc:2    | Found a staircase to the Elven Halls.
 30976 | Orc:2    | Gained mutation: You are weak. (Str -2) [a neqoxec]
 30985 | Orc:2    | Found Kuonifuq's Assorted Antiques.
 31276 | Orc:2    | Noticed an orc warlord
 31334 | Orc:1    | Banished an orc warlord
 31720 | Orc:2    | Found Ycerusill's Weapon Boutique.
 32141 | Orc:2    | Found Jaiq Vuefri's Antique Armour Emporium.
 32143 | Orc:2    | Found Pewut's Antique Weapon Shoppe.
 32540 | D:12     | Identified the +2 ring mail "Saadodgh" {+Inv}
 32750 | D:13     | Found a bloodstained altar of Trog.
 32986 | D:13     | Found Locazyx's Jewellery Boutique.
 33042 | D:13     | Found Reihomak's General Store.
 33059 | D:13     | Identified the +3 quarterstaff "Huonkem" {vorpal, Str+2}
 33179 | D:14     | Noticed Roxanne
 33186 | D:14     | Banished Roxanne
 33373 | D:14     | Found a gate to the Vaults.
 33478 | D:14     | Noticed Azrael
 33490 | D:14     | Killed Azrael
 34227 | D:15     | Entered Level 15 of the Dungeon
 35513 | D:15     | Found Ponkoxug's Distillery.
 35519 | D:15     | Bought a potion of mutation for 80 gold pieces
 35519 | D:15     | Lost mutation: You are weak. (Str -2) [potion of mutation]
 35519 | D:15     | Gained mutation: You occasionally shout uncontrollably at
                  | your foes. [potion of mutation]
 35519 | D:15     | Gained mutation: Your mind is acute. (Int +2) [potion of
                  | mutation]
 35718 | D:15     | Found a staircase to the Depths.
 35987 | D:15     | Gained mutation: You are robust. (+10% HP) [demonic
                  | ancestry]
 35987 | D:15     | Reached XP level 16. HP: 102/144 MP: 28/28
 36643 | Shoals:1 | Entered Level 1 of the Shoals
 36679 | Shoals:1 | Found a blossoming altar of Fedhas.
 38926 | Shoals:2 | Found Ybbib's Jewellery Shoppe.
 40775 | Shoals:2 | Reached skill level 10 in Evocations
 41891 | Spider:1 | Entered Level 1 of the Spider Nest
 41933 | Spider:1 | HP: 3/145 [jumping spider (7)]
 41933 | Spider:1 | HP: 1/145 [moth of wrath (2)]
 41933 | Spider:1 | Mangled by a tarantella

Illustrated notes

Levels and vault maps discovered:
D:1:      nicolae_arrival_memento_mori, layout_basic,
          hellmonk_ecumenical_altar_leap_of_faith, serial_shops, shop,
          minmay_misc_feat_cross, minmay_crystal_water
D:2:      layout_basic, basic_altar
D:3:      layout_basic, xom_confusion_cloud, grunt_qazlal_sundering,
          gup_sewer_entry_glass, minivault_19, minmay_fractal_squares_5
D:4:      layout_basic, mainiacjoe_overflow_catch_the_wave, bloody_makhleb,
          mainiacjoe_overflow_chevrons, kennysheep_mini_moat,
          minmay_misc_feat_five
D:5:      minmay_opposing_rooms, layout_basic, yredelemnul_altar_generic,
          uniq_pikel
D:6:      layout_loops_cross, zin_academy, mainiacjoe_overflow_paths,
          kennysheep_little_box, minmay_temple_entry_glass, serial_shops,
          shop_statue, uniq_grinder
D:7:      layout_rooms, old_standard_altar, eino_tiny_chamber,
          minmay_crystal_room, nicolae_specific_store, doesnt_shop_hydraphobe
D:8:      minmay_four_partial_circles, layout_loops_corners, roderic_batcave,
          uniq_psyche
D:9:      layout_gridville, mainiacjoe_overflow_concentric_impassable,
          uniq_joseph
D:10:     layout_loops_ring, chequers_serial_rivers_marsh, minmay_radiant
D:11:     layout_roguey [special_room_orc], david_lair_generic, minivault_21,
          uniq_josephine, uniq_erica
D:12:     layout_basic, kennysheep_orc_monster_closet_entryway,
          portal_ice_cave_demonic_guard, uniq_snorg
D:13:     layout_cave_pools, serial_shops, shop, nicolae_take_the_stairs,
          bloody_trog
D:14:     layout_basic, lightli_vaults_fourway_checkpoint,
          roderic_serpentine_path, nrook_guardian_serpent_double, uniq_roxanne,
          uniq_azrael
D:15:     hangedman_depths_entry_try_elsewhere_first, layout_cave_pods,
          minmay_misc_feat_four_crosses, serial_shops, nicolae_shop_crystal,
          nicolae_lava_and_water
Lair:1:   wander_river, layout_misc_corridors, serial_bayou_pond_d,
          minivault_25, wad_woods_road_06, lemuel_fruit_fields,
          grunt_megastairs_2
Lair:2:   layout_regular_city, grunt_megastairs_1
Lair:3:   layout_layer_cave, spider_nest_entry_rubble, uniq_nergalle
Lair:4:   layout_loops_ring, elwin_shoals_entry_stream, grunt_megastairs_4,
          infiniplex_staircase_pool_2, uniq_sonja
Lair:5:   layout_cave_pods, slime_altar_1
Lair:6:   cheibrodos_lair_end_hotspot, layout_layer_cave,
          nzn_masters_of_martial_movement
Shoals:1: layout_shoals, lemuel_oklob_altar
Shoals:2: layout_shoals, serial_shops, nicolae_stop_n_shop_2
Shoals:3: layout_shoals, nicolae_shoals_aquamancer_cove
Spider:1: layout_spider_delve, nicolae_spider_webs_and_nodes
Orc:1:    layout_caves, uniq_harold, uniq_urug, uniq_maurice
Orc:2:    grunt_orc_community_town_hall, layout_caves,
          grunt_orc_community_big_house_2, grunt_orc_community_big_house_2,
          grunt_orc_community_house_1, grunt_orc_community_house_1,
          grunt_orc_community_house_1, grunt_orc_community_house_2,
          grunt_orc_community_house_1, grunt_orc_community_house_1,
          nicolae_orc_lava_tube

Skill      XL: |  1  2  3  4  5  6  7  8  9 10 11 12 13 14 15 16 |
---------------+-------------------------------------------------+-----
Long Blades    | 2 3 4 6 7 8 9 10 11 12 | 12.6
Invocations    | 3 4 5 6 8 9 11 12 13 14 15 16 17 | 17.6
Shields        | 1 2 3 4 |  4.0
Fighting       | 4 5 7 8 10 11 12 13 | 13.9
Spellcasting   | 2 |  2.4
Poison Magic   | 2 |  2.7
Armour         | 3 6 8 10 12 15 16 17 | 17.3
Evocations     | 2 4 6 8 9 10 | 10.3
Dodging        | |  0.8

Action                   |  1- 3 |  4- 6 |  7- 9 | 10-12 | 13-15 | 16-18 || total
-------------------------+-------+-------+-------+-------+-------+-------++-------
Melee: Falchion          |   142 |   251 |   418 |   314 |       |       ||  1125
       Scimitar          |       |       |       |   649 |  1256 |   253 ||  2158
Invok: Depart the Abyss  |     1 |       |       |       |       |       ||     1
       Banish            |       |       |     4 |     2 |     4 |    13 ||    23
       Brand Weapon With |       |       |       |       |     1 |       ||     1
Evoke: Tin of tremorston |       |       |       |     2 |     5 |     3 ||    10
       Condenser vane    |       |       |       |     1 |     4 |     2 ||     7
       Wand              |       |       |       |       |     8 |    15 ||    23
  Use: Scroll            |     9 |     6 |     5 |    10 |    10 |     9 ||    49
       Potion            |     1 |     4 |     3 |     5 |     4 |     3 ||    20
 Stab: Sleeping          |       |       |     1 |       |       |       ||     1
       Petrified         |       |       |       |       |     4 |       ||     4
Armor: Leather armour    |    30 |   111 |   137 |       |       |       ||   278
       Skin              |       |       |    44 |     1 |       |       ||    45
       Plate armour      |       |       |     6 |   419 |   584 |   197 ||  1206
Dodge: Dodged            |    84 |   167 |   184 |   219 |   332 |   103 ||  1089
Block: Other             |    38 |   114 |     4 |       |       |       ||   156
       Reflection        |     1 |     3 |    14 |    10 |    34 |    22 ||    84
       Buckler           |       |       |   316 |   771 |  1028 |   256 ||  2371

Table legend: (Time is in decaauts)
 A = Elapsed time spent in this place.
 B = Non-inter-level travel time spent in this place.
 C = Inter-level travel time spent in this place.
 D = Time resting spent in this place.
 E = Time spent auto-exploring this place.
 F = Levels seen in this place.
 G = Mean time per level.
                   A        B        C        D        E       F      G
               +--------+--------+--------+--------+--------+-----+--------+
         Total |  41820 |  39746 |   2074 |  15212 |  17762 |  29 | 1442.1 |
       Dungeon |  24360 |  23190 |   1170 |   9143 |  10246 |  15 | 1624.0 |
          Lair |   9715 |   9034 |    681 |   2238 |   5073 |   6 | 1619.2 |
        Shoals |   5156 |   5010 |    146 |   3101 |   1286 |   3 | 1718.7 |
   Spider Nest |     33 |     33 |      0 |      0 |      0 |   1 |   33.0 |
  Orcish Mines |   2435 |   2361 |     74 |    729 |   1079 |   2 | 1217.5 |
         Abyss |    119 |    119 |      0 |      0 |     78 |   2 |   59.5 |
               +--------+--------+--------+--------+--------+-----+--------+

Top non-repeatable levels by time:
Shoals:1: 3814 daAuts
     D:5: 3122 daAuts
  Lair:1: 2638 daAuts
     D:8: 2530 daAuts
     D:9: 2217 daAuts
     D:2: 1882 daAuts
     D:1: 1814 daAuts
    D:15: 1668 daAuts
    D:14: 1646 daAuts
  Lair:2: 1617 daAuts
     D:3: 1567 daAuts
     D:4: 1536 daAuts
   Orc:2: 1517 daAuts
    D:11: 1465 daAuts
  Lair:3: 1462 daAuts
